 Dungeon Crawl Stone Soup version 0.29.0-4-gdea44cf6ec (webtiles) character file.

Game seed: 8248811985182691845

748 qw the Chopper (level 7, 0/44 HPs)
             Began as a Gargoyle Delver on Sept 10, 2022.
             Slain by a gnoll
             ... wielding a +0 spear
             ... led by a gnoll sergeant
              (5 damage)
             ... on level 5 of the Dungeon.
             The game lasted 00:01:17 (3786 turns).

qw the Chopper (Gargoyle Delver)                    Turns: 3786, Time: 00:01:17

Health: 0/44       AC: 18    Str: 17      XL:     7   Next: 77%
Magic:  7/7        EV:  5    Int:  9 (11) God:
Gold:   186        SH:  0    Dex: 11      Spells: 6/6 levels left

rFire   . . .      SeeInvis .   Y - +1 war axe
rCold   . . .      Faith    .   (no shield)
rNeg    + . .      Spirit   .   d - +1 plate armour {Will+}
rPois   inf        Reflect  .   (no helmet)
rElec   +          Harm     .   (no cloak)
rCorr   .          Rampage  .   (no gloves)
Will    +....                   e - +0 pair of boots
Stlth   ..........              (no amulet)
HPRegen 0.14/turn               (no ring)
MPRegen 0.10/turn               (no ring)

@: no status effects
A: sickness immunity, AC +4, negative energy resistance 1, electricity
resistance, torment resistance 1, petrification resistance
a: no special abilities


You were on level 5 of the Dungeon.
You visited 1 branch of the dungeon, and saw 5 of its levels.

You collected 186 gold pieces.


Innate Abilities, Weirdness & Mutations

You are immune to sickness and miasma.
Your stone body is resilient. (AC +4)
You are immune to poison.
You resist negative energy. (rN+)
You are resistant to electric shocks. (rElec)
You are resistant to unholy torment.
You are immune to petrification.


   Skills:
 - Level 4.5 Fighting
 + Level 6.4 Axes
 - Level 4.0 Armour
 - Level 1.5 Dodging
 - Level 5.4 Stealth


You had 6 spell levels left.
You didn't know any spells.
Your spell library was empty.

Inventory:

Hand Weapons
 p - a +0 flail
 Y - a +1 war axe (weapon)
Armour
 d - a +1 plate armour of willpower (worn)
 e - a +0 pair of boots (worn)
Wands
 g - a wand of digging (3)
Scrolls
 h - a scroll of identify
Potions
 b - a potion of might
 c - 3 potions of curing
 f - a potion of haste
 i - a potion of attraction {unknown}
 k - a potion of magic {unknown}
 l - a potion of mutation {unknown}
 m - a potion of berserk rage {unknown}

Dungeon Overview and Level Annotations

Branches:
Dungeon (5/15)
 Temple: D:4-7

Altars:
Elyvilon
Fedhas
Qazlal

Annotations:
D:2 1 runed translucent door, Crazy Yiuf
D:4 2 transporters, qw's ghost, amateur GrFi
D:5 Blork the orc


Message History

A gnoll comes into view. It is wielding a +0 spear.
The gnoll barely misses you.
The gnoll sergeant hits you with a +2 vampiric spear.
You hit the gnoll sergeant.
The gnoll sergeant is moderately wounded.
The gnoll closely misses you.
The gnoll hits you from afar with a +0 spear.
The gnoll sergeant closely misses you.
You slash the gnoll sergeant! Your punch misses the gnoll sergeant.
The gnoll sergeant is almost dead.
The gnoll hits you but does no damage.
The gnoll hits you from afar with a +0 spear.
You barely miss the gnoll sergeant.
The gnoll sergeant is almost dead.
The gnoll hits you but does no damage.
The gnoll sergeant hits you with a +2 vampiric spear.
The gnoll hits you but does no damage.
You slash the gnoll sergeant!
You kill the gnoll sergeant!
You hit the gnoll.
The gnoll hits you from afar with a +0 halberd.
The gnoll hits you from afar with a +0 spear.
You feel your intelligence returning.
You barely miss the gnoll.
The gnoll is lightly wounded.
The gnoll hits you from afar with a +0 halberd.
The gnoll hits you from afar with a +0 spear.
The gnoll barely misses you.
The gnoll hits you from afar with a +0 spear.
The gnoll barely misses you. The gnoll hits you with a +0 whip.
The gnoll hits you from afar with a +0 spear.
You slash the gnoll!
The gnoll is almost dead.
The gnoll closely misses you. The gnoll barely misses you.
The gnoll hits you but does no damage. x2
You hit the gnoll.
You kill the gnoll!
The gnoll hits you but does no damage. x2
The gnoll hits you from afar with a +0 spear.
You die...

g. g .##### .....# #.
#....# #.## #g...# ..#
#gg..# #..#####.g..#
#.....@)...#
#.#####%...#
#.###.#####<<..#
#.......##.....#
###########.#.##.[...#
..............>...####
#.#.#.#w#.#.......#
...............#.##
..}.....}....#.#.#


You could see 4 gnolls.

Vanquished Creatures
  Sigmund (D:3)
  Duvessa (D:5)
  A black bear (D:5)
  2 necrophages (D:5)
  A gnoll sergeant (D:5)
  Dowan (D:5)
  A hound (D:5)
  An iguana (D:5)
  A gnoll (D:5)
  6 adders
  A worm (D:4)
  3 dart slugs
  An orc (D:4)
  2 endoplasms (D:3)
  2 giant cockroaches
  6 goblins
  5 hobgoblins
  8 ball pythons
  3 bats
  2 frilled lizards
  2 kobolds
  11 rats
62 creatures vanquished.

Notes
Turn   | Place    | Note
-------+----------+-------------------------------------------
     0 | D:5      | qw the Gargoyle Delver began the quest for the Orb.
     0 | D:5      | Reached XP level 1. HP: 14/14 MP: 1/1
     0 | D:5      | 0 ||| qw: Version: 0.1-a-116-g5d60599
     0 | D:5      | 0 ||| qw: Game counter: 7853
     0 | D:5      | 0 ||| qw: Always use a shield: true
     0 | D:5      | 0 ||| qw: God list: Okawaru
     0 | D:5      | 0 ||| qw: Allow faded altars: false
     0 | D:5      | 0 ||| qw: Do Orc after D:15 true
     0 | D:5      | 0 ||| qw: Do second Lair branch before Depths: true
     0 | D:5      | 0 ||| qw: Lair rune preference: random
     0 | D:5      | 0 ||| qw: Plans: Normal
     0 | D:5      | 0 ||| PLANNING D:1-11
     0 | D:5      | 0 ||| DROPPING scroll of fog.
     1 | D:5      | 1 ||| DROPPING scroll of magic mapping.
     2 | D:5      | 2 ||| DROPPING scroll of fear.
    68 | D:3      | Reached skill level 2 in Axes
    70 | D:3      | Reached XP level 2. HP: 9/19 MP: 2/2
    72 | D:3      | HP: 4/19 [adder (1)]
   334 | D:3      | Found a stormy altar of Qazlal.
   371 | D:3      | Reached skill level 3 in Axes
   401 | D:3      | Reached XP level 3. HP: 20/23 MP: 3/3
   445 | D:3      | 445 ||| UPGRADING to +1 plate armour of willpower.
   455 | D:3      | 455 ||| DROPPING +0 leather armour.
   456 | D:3      | 456 ||| UPGRADING to +0 pair of boots.
   461 | D:3      | 461 ||| READING scroll labelled OTIEQA WEASO.
   504 | D:2      | 504 ||| READING scroll labelled IRUENO ACKUICS.
   505 | D:2      | 505 ||| READING scroll labelled JOUBAOJEBB.
   633 | D:1      | Found Yjofirr's Magic Scroll Shop.
   738 | D:1      | Reached skill level 1 in Armour
   832 | D:1      | 832 ||| Stepping ~*~*~tactically~*~*~ (stealth).
   835 | D:1      | 835 ||| Stepping ~*~*~tactically~*~*~ (hiding).
   938 | D:1      | You fall into a shaft and drop 1 floor!
   961 | D:2      | 961 ||| READING scroll labelled YCLUIX ACISH.
   962 | D:2      | 962 ||| READING 2 scrolls of identify.
   962 | D:2      | 962 ||| IDENTIFYING murky purple potion
   965 | D:2      | Found a faded altar of an unknown god.
  1081 | D:1      | 1081 ||| SWAPPING to +0 war axe.
  1082 | D:1      | 1082 ||| DROPPING +1 hand axe.
  1093 | D:1      | Reached XP level 4. HP: 23/28 MP: 4/4
  1323 | D:1      | 1323 ||| READING scroll labelled VOURGH DORIADIVU.
  1360 | D:2      | 1360 ||| DROPPING +0 club.
  1394 | D:2      | Found a runed translucent door.
  1395 | D:2      | Noticed Crazy Yiuf
  1674 | D:2      | 1674 ||| DROPPING +0 mace.
  1820 | D:2      | 1820 ||| DROPPING amulet of faith.
  1821 | D:2      | 1821 ||| READING scroll labelled VYF RAPLOCHO.
  2002 | D:3      | Noticed Sigmund
  2019 | D:3      | HP: 6/28 [something (4)]
  2025 | D:3      | HP: 3/28 [Sigmund/+0 scythe (3)]
  2028 | D:3      | HP: 1/28 [Sigmund/+0 scythe (2)]
  2029 | D:3      | Killed Sigmund
  2030 | D:3      | Reached skill level 5 in Axes
  2030 | D:3      | Reached XP level 5. HP: 2/32 MP: 5/5
  2030 | D:3      | Reached XP level 6. HP: 2/37 MP: 6/6
  2456 | D:3      | Found a blossoming altar of Fedhas.
  2553 | D:3      | 2553 ||| DRINKING 2 fuming white potions.
  2554 | D:3      | 2554 ||| DRINKING 2 puce potions.
  2555 | D:3      | 2555 ||| DROPPING potion of degeneration.
  2875 | D:4      | Noticed qw's ghost (amateur GrFi)
  2876 | D:4      | Found a transporter.
  2905 | D:4      | 2905 ||| READING scroll of enchant weapon.
  2905 | D:4      | 2905 ||| ENCHANTING +0 war axe.
  3075 | D:4      | Found a transporter.
  3089 | D:4      | 3089 ||| READING scroll labelled EQUDAUTITIO.
  3113 | D:5      | Reached skill level 3 in Armour
  3113 | D:5      | 3113 ||| STAIRDANCE
  3178 | D:5      | Noticed Dowan
  3179 | D:5      | 3179 ||| Stepping ~*~*~tactically~*~*~ (hiding).
  3181 | D:5      | 3181 ||| Stepping ~*~*~tactically~*~*~ (hiding).
  3183 | D:5      | 3183 ||| Stepping ~*~*~tactically~*~*~ (hiding).
  3187 | D:5      | Noticed Duvessa
  3192 | D:5      | Noticed Blork the orc
  3195 | D:5      | HP: 8/37 [Blork the orc/+0 halberd (10)]
  3196 | D:5      | 3196 ||| READING scroll of teleportation.
  3196 | D:5      | HP: 3/37 [Blork the orc/+0 halberd (3)]
  3196 | D:5      | HP: 1/37 [Duvessa/+0 short sword (2)]
  3197 | D:5      | 3197 ||| DRINKING potion of heal wounds.
  3268 | D:5      | Found a white marble altar of Elyvilon.
  3383 | D:5      | Reached XP level 7. HP: 40/44 MP: 7/7
  3506 | D:5      | 3506 ||| Stepping ~*~*~tactically~*~*~ (stealth).
  3517 | D:5      | Killed Duvessa
  3518 | D:5      | Reached skill level 6 in Axes
  3531 | D:5      | Killed Dowan
  3683 | D:5      | 3683 ||| FLEEEEING.
  3684 | D:5      | 3684 ||| FLEEEEING.
  3698 | D:5      | 3698 ||| FLEEEEING.
  3702 | D:5      | 3702 ||| STAIRDANCE
  3770 | D:5      | 3770 ||| Stepping ~*~*~tactically~*~*~ (hiding).
  3773 | D:5      | 3773 ||| Stepping ~*~*~tactically~*~*~ (hiding).
  3784 | D:5      | HP: 9/44 [gnoll/+0 whip[a gnoll sergeant] (3)]
  3786 | D:5      | Slain by a gnoll

Levels and vault maps discovered:
D:1:      dpeg_arrival_connections, layout_loops_cross, serial_shops, shop,
          minmay_cut_off
D:2:      layout_rooms, serial_glass, glass_columns_c, glass_columns_a,
          shapermc_ecumenical_altar_rom_forum, corexii_leaking_fountain,
          uniq_crazy_yiuf_cottage
D:3:      layout_basic, nicolae_qazlal_general_emergency, fedhas_ov_isle_minmay,
          uniq_sigmund
D:4:      layout_basic, gammafunk_ghost_stat_death
D:5:      layout_rooms, elyvilon_altar_5, minmay_misc_feat_columns, uniq_edmund,
          uniq_blork_the_orc, uniq_duvessa

Skill      XL: |  1  2  3  4  5  6  7 |
---------------+----------------------+-----
Axes           | 2 3 5 6 |  6.4
Armour         | 2 3 4 |  4.0
Fighting       | 4 |  4.5
Dodging        | |  1.5
Stealth        | |  5.4

Action                   |  1- 3 |  4- 6 |  7- 9 || total
-------------------------+-------+-------+-------++-------
Melee: Hand axe          |    71 |       |       ||    71
       War axe           |     5 |   122 |    42 ||   169
  Use: Scroll            |     5 |     5 |       ||    10
       Potion            |       |     3 |       ||     3
 Stab: Sleeping          |     1 |       |       ||     1
Armor: Leather armour    |    13 |       |       ||    13
       Plate armour      |    25 |    78 |    49 ||   152
Dodge: Dodged            |    26 |    27 |    17 ||    70

Table legend:
 A = Non-vault XP
 B = Vault XP
 C = Vault XP percentage of total XP
 D = Non-vault monster count
 E = Vault monster count
 F = Vault count percentage of total count
                 A         B        C        D         E       F
            +---------+---------+-------+---------+---------+-------
      Total |     645 |     439 |  40.5 |      58 |       4 |   6.5
            +---------+---------+-------+---------+---------+-------
        D:1 |      29 |       1 |   3.3 |      19 |       1 |   5.0
        D:2 |      24 |       0 |   0.0 |       9 |       0 |   0.0
        D:3 |      71 |     231 |  76.5 |      15 |       1 |   6.2
        D:4 |      30 |       0 |   0.0 |       7 |       0 |   0.0
        D:5 |     491 |     207 |  29.7 |       8 |       2 |  20.0
            +---------+---------+-------+---------+---------+-------
